 Dungeon Crawl Stone Soup version 0.27-a0-543-gd81048afd2 (webtiles) character file.

Game seed: 12151942089887286649

10023 Gaff the Tainter (level 11, -5/84 HPs)
             Began as a Demonspawn Venom Mage on Mar 7, 2021.
             Was an Initiate of Gozag.
             Slain by a four-headed hydra (10 damage)
             ... on level 1 of the Lair of Beasts.
             The game lasted 01:07:11 (17839 turns).

Gaff the Tainter (Demonspawn Venom Mage)           Turns: 17839, Time: 01:07:12

Health: -5/84      AC:  6    Str:  9    XL:     11   Next: 30%
Magic:  0/41       EV: 14    Int: 21    God:    Gozag
Gold:   1322       SH:  0    Dex: 14    Spells: 17/27 levels left

rFire    . . .     SeeInvis .   b - +3 flail
rCold    . . .     Faith    .   (no shield)
rNeg     + . .     Spirit   +   a - +0 leather armour of Ewicweuso {MP+9 Int+2}
rPois    .         Reflect  .   (helmet restricted)
rElec    .         Harm     .   p - +0 cloak
rCorr    .         Rampage  .   (no gloves)
Will     .....                  (no boots)
Stlth    ++........             E - amulet of guardian spirit
HPRegen  0.24/turn              R - ring of magical power
MPRegen  0.54/turn              w - ring of positive energy

@: no status effects
A: antennae 2, thin metallic scales 1, foul stench 2, magic regeneration
a: Renounce Religion, Potion Petition, Call Merchant, Bribe Branch


You were on level 1 of the Lair of Beasts.
You worshipped Gozag.
Gozag was most pleased with you.
You visited 3 branches of the dungeon, and saw 14 of its levels.
You also visited: Bailey.

You collected 1805 gold pieces.
You spent 128 gold pieces at shops.
You paid 355 gold pieces to Gozag.

Inventory:

Hand Weapons
 b - a +3 flail (weapon)
 G - a +1 war axe of flaming
 K - a +5 scimitar
 O - a +2 short sword of venom
Armour
 a - the +0 leather armour of Ewicweuso (worn) {MP+9 Int+2}
   (You found it on level 1 of the Lair of Beasts)

   It affects your intelligence (+2).
   It affects your magic capacity (+9).
 p - a +0 cloak (worn)
 q - a +0 robe of willpower
Jewellery
 u - a +6 ring of dexterity
 v - a +6 ring of dexterity
 w - a ring of positive energy (right hand)
 B - a ring of flight
 E - an amulet of guardian spirit (around neck)
 Q - a ring of magical power
 R - a ring of magical power (left hand)
 T - a ring of ice
Wands
 g - a wand of acid (13)
 L - a wand of digging (5)
Scrolls
 d - 2 scrolls of fog
 e - 2 scrolls of fear {unknown}
 i - a scroll of noise
 j - 3 scrolls of enchant armour
 o - a scroll of teleportation
 r - 2 scrolls of magic mapping
 A - 5 scrolls of amnesia
Potions
 c - 2 potions of haste
 f - 5 potions of degeneration
 h - 3 potions of curing
 k - 3 potions of lignification
 l - 4 potions of might
 m - a potion of heal wounds
 n - a potion of cancellation
 s - 2 potions of resistance
 D - 2 potions of flight
 P - a potion of brilliance {unknown}
 S - a potion of mutation
Miscellaneous
 F - a phantom mirror
 J - a tin of tremorstones (2/2)


   Skills:
 + Level 7.4 Fighting
 + Level 5.3 Long Blades
 - Level 0.6 Axes
 + Level 7.1 Dodging
 - Level 1.7 Stealth
 + Level 8.5 Spellcasting
 - Level 0.8 Transmutations
 + Level 9.8 Poison Magic
 - Level 1.2 Evocations


You had 17 spell levels left.
You knew the following spells:

 Your Spells              Type           Power      Damage    Failure   Level
a - Sting                 Tmut/Pois      100%       1d8       1%          1
b - Olgreb's Toxic Radia  Pois           50%        N/A       1%          4
c - Mephitic Cloud        Conj/Pois/Air  22%        N/A       9%          3
d - Poisonous Vapours     Pois/Air       58%        N/A       2%          2

Your spell library contained the following spells:

 Spells                   Type           Power      Damage    Failure   Level
 Ignite Poison            Fire/Tmut/Pois 24%        N/A       8%          3
 Confusing Touch          Hex            9%         N/A       32%         3
 Gell's Gravitas          Tloc           4%         N/A       32%         3
 Petrify                  Tmut/Erth      10%        N/A       65%         4
 Yara's Violent Unravell  Hex/Tmut       5%         3d4       94%         5
 Metabolic Englaciation   Hex/Ice        4%         N/A       96%         5


Dungeon Overview and Level Annotations

Branches:
Dungeon (11/15)            Temple (1/1) D:7            Lair (2/6) D:9
    Orc (0/2) D:10         Bailey (visited)
  Swamp: Lair:2-4    Shoals: Lair:2-4     Snake: Lair:2-4    Spider: Lair:2-4

Altars:
Ashenzari
Cheibriados
Dithmenos
Elyvilon
Fedhas
Gozag
Hepliaklqana
Kikubaaqudgha
Makhleb
Nemelex Xobeh
Okawaru
Qazlal
Ru
Sif Muna
Trog
Uskayaw
Vehumet
Wu Jian
Xom
Yredelemnul
Zin
The Shining One

Shops:
D:9 !

Annotations:
D:2 1 runed translucent door, exclusion: door, Crazy Yiuf
D:4 1 runed translucent door, Eustachio; MiFiHotspot's ghost, amateur MiFi
D:9 Gastronok
Lair:2 1 runed translucent door, Cycufuin's ghost, journeyman GrFE


Innate Abilities, Weirdness & Mutations

You have a pair of antennae on your head.
You are partially covered in thin metallic scales. (AC +2)
You sometimes emit foul miasma when damaged in melee.
You regenerate magic rapidly.


Message History

There is a stone staircase leading down, spattered with blood here.
You start resting.
HP restored.
b - a +3 flail (weapon)
You climb downwards.
Level annotation: 1 runed translucent door, Cycufuin's ghost, journeyman GrFE The four-headed hydra closely misses you.
The four-headed hydra bites you!
The four-headed hydra closely misses you.
The four-headed hydra bites you but does no damage.
The four-headed hydra bites you.
The four-headed hydra barely misses you.
The four-headed hydra bites you!
The four-headed hydra barely misses you.
There is a stone staircase leading up, spattered with blood here.
You thump the four-headed hydra!
The four-headed hydra is lightly wounded.
The four-headed hydra bites you! The four-headed hydra bites you.
The four-headed hydra bites you! x2
You hit the four-headed hydra.
The four-headed hydra is lightly wounded.
The four-headed hydra bites you. The four-headed hydra bites you! x2
* * * LOW HITPOINT WARNING * * *
You emit a cloud of foul miasma!
The four-headed hydra completely misses you.
The four-headed hydra is engulfed in dark miasma.
The four-headed hydra is poisoned.
The four-headed hydra bites you!
* * * LOW HITPOINT WARNING * * *
The four-headed hydra bites you.
* * * LOW HITPOINT WARNING * * *
The four-headed hydra closely misses you.
The four-headed hydra bites you!
* * * LOW HITPOINT WARNING * * *
You climb upwards.
There is a stone staircase leading down, spattered with blood here.
The four-headed hydra bites you!
* * * LOW HITPOINT WARNING * * *
The four-headed hydra bites you!
You die...
Your body crumbles into a pile of gold.

..##..#.##......#...#.#.#
.........#.....##..###..#
.#.......#.....###.####.#
.#...............'..##..#
.........#.....###..###.#
.#.......+.....# ##'###.##
.#.......#...>.####.##...#
...............P#.#'##..##
.P#####........D@.......#
...>....................#
#..#####.#.###########P##
#### ##### ###


You could see a four-headed hydra (poisoned).

Vanquished Creatures
  An orc knight (Bailey)
  An ugly thing (D:8)
  2 cane toads
  2 trolls (D:9)
  Grinder (D:4)
  17 yaks
  3 water moccasins
  Duvessa (D:7)
  5 orc warriors
  2 ice beasts
  A black bear (D:9)
  2 necrophages
  5 centaurs
  An eye of draining (D:9)
  5 ogres
  11 wolves
  11 bullfrogs
  Dowan (D:7)
  2 scorpions
  A water moccasin skeleton (D:8)
  7 wights
  3 howler monkeys
  A centaur zombie (D:8)
  A bullfrog zombie (D:8)
  2 jellies
  6 hounds
  7 orc priests
  4 orc wizards
  2 iguanas
  7 worker ants
  3 gnolls (Bailey)
  10 adders
  A white imp (D:6)
  2 ufetubi
  2 oozes
  An adder skeleton (D:9)
  2 worms (D:4)
  3 dart slugs
  A leopard gecko (D:2)
  29 orcs
  2 bats (D:1)
  5 giant cockroaches
  10 goblins
  8 hobgoblins
  7 jackals
  17 kobolds
  2 quokkas
  3 ball pythons
  4 frilled lizards
  A giant cockroach zombie (D:6)
  A jackal skeleton (D:4)
  A leopard gecko skeleton (D:4)
  11 rats
241 creatures vanquished.

Vanquished Creatures (others)
  5 fungi
  10 plants (Lair:2)
15 creatures vanquished.

Grand Total: 256 creatures vanquished

Notes
Turn   | Place    | Note
-------+----------+-------------------------------------------
     0 | D:1      | Gaff the Demonspawn Venom Mage began the quest for the Orb.
     0 | D:1      | Reached XP level 1. HP: 13/13 MP: 3/3
   196 | D:1      | Gained mutation: You are partially covered in thin metallic
                  | scales. (AC +2) [demonic ancestry]
   196 | D:1      | Reached XP level 2. HP: 8/19 MP: 3/5
   899 | D:2      | Gained mutation: You have a pair of small antennae on your
                  | head. [demonic ancestry]
   899 | D:2      | Reached XP level 3. HP: 22/24 MP: 3/6
   915 | D:2      | Reached skill level 4 in Poison Magic
  1068 | D:2      | Found a shimmering blue altar of Sif Muna.
  1392 | D:2      | Found a runed translucent door.
  1393 | D:2      | Noticed Crazy Yiuf
  1483 | D:2      | Gained mutation: You may rarely emit foul miasma when
                  | damaged in melee. [demonic ancestry]
  1483 | D:2      | Reached XP level 4. HP: 26/30 MP: 5/8
  2252 | D:3      | Found a shadowy altar of Dithmenos.
  2758 | D:4      | Reached XP level 5. HP: 35/35 MP: 6/10
  2871 | D:4      | Reached skill level 5 in Poison Magic
  3270 | D:4      | You fall into a shaft and drop 1 floor!
  3270 | D:5      | Entered Level 5 of the Dungeon
  3283 | D:5      | Reached XP level 6. HP: 41/41 MP: 9/12
  3346 | D:5      | Noticed an ice beast
  3380 | D:5      | Killed an ice beast
  3650 | D:5      | Noticed Grinder
  3810 | D:4      | Reached skill level 6 in Poison Magic
  4309 | D:3      | Reached XP level 7. HP: 36/46 MP: 10/14
  4312 | D:3      | Reached skill level 5 in Spellcasting
  4435 | D:4      | Found a runed translucent door.
  4442 | D:4      | Noticed MiFiHotspot's ghost (amateur MiFi)
  4762 | D:4      | Paralysed by Grinder for 5 turns
  4764 | D:4      | Killed Grinder
  4765 | D:4      | Reached skill level 1 in Fighting
  4765 | D:4      | Reached skill level 1 in Long Blades
  5104 | D:5      | Noticed Eustachio
  6028 | D:5      | Reached XP level 8. HP: 25/56 MP: 13/16
  6821 | D:6      | Reached skill level 7 in Poison Magic
  7530 | D:6      | Learned a level 4 spell: Olgreb's Toxic Radiance
  8114 | D:6      | Found a broken altar of Ashenzari.
  8118 | D:6      | Saw a vision of the Shoals and the Spider Nest.
  8118 | D:6      | Noticed a wolf spider
  8118 | D:6      | Noticed a hornet
  8118 | D:6      | Noticed a merfolk siren
  8118 | D:6      | Noticed a merfolk
  8118 | D:6      | Noticed a merfolk siren
  8118 | D:6      | Noticed a merfolk
  8119 | D:6      | Noticed a sea snake
  8203 | D:7      | Found a flagged portal.
  8212 | Bailey   | Entered a bailey
  8941 | Bailey   | Noticed an orc knight
  8995 | Bailey   | Killed an orc knight
  8996 | Bailey   | Gained mutation: You sometimes emit foul miasma when
                  | damaged in melee. [demonic ancestry]
  8996 | Bailey   | Reached XP level 9. HP: 66/66 MP: 11/18
  9055 | Bailey   | Reached skill level 8 in Poison Magic
  9274 | D:7      | Noticed Duvessa
  9277 | D:7      | Noticed Dowan
  9285 | D:7      | Killed Duvessa
  9310 | D:8      | HP: 3/66 [poisoned by Duvessa]
  9315 | D:8      | HP: 2/66 [poisoned by Duvessa]
  9323 | D:8      | HP: 2/66 [poisoned by Duvessa]
  9637 | D:8      | Noticed a brown ugly thing
  9637 | D:8      | You fall into a shaft and drop 3 floors!
  9644 | D:10     | Entered Level 10 of the Dungeon
  9722 | D:10     | Found a staircase to the Orcish Mines.
 10738 | D:8      | Reached skill level 5 in Dodging
 10889 | D:8      | HP: 1/57 [acid (7)]
 10890 | D:8      | Killed a brown ugly thing
 10891 | D:8      | Reached skill level 5 in Fighting
 11232 | D:7      | Found a staircase to the Ecumenical Temple.
 11240 | Temple   | Entered the Ecumenical Temple
 11297 | Temple   | Became a worshipper of Gozag Ym Sagoz the Greedy
 11347 | D:7      | Killed Dowan
 12323 | D:8      | Noticed a centaur warrior
 12329 | D:8      | Noticed a troll
 12751 | D:8      | Gained mutation: You regenerate magic rapidly. [demonic
                  | ancestry]
 12751 | D:8      | Reached XP level 10. HP: 73/75 MP: 17/21
 14385 | D:9      | Found a staircase to the Lair.
 14391 | D:9      | Reached skill level 9 in Poison Magic
 14503 | D:9      | Learned a level 3 spell: Mephitic Cloud
 14516 | D:9      | Found Kyovutri's Distillery.
 14528 | D:9      | Bought a potion of mutation for 128 gold pieces
 14811 | D:9      | Found a burning altar of Makhleb.
 14811 | D:9      | Found an iron altar of Okawaru.
 14811 | D:9      | Found a basalt altar of Yredelemnul.
 14820 | D:9      | Found a snail-covered altar of Cheibriados.
 14821 | D:9      | Noticed Gastronok
 14824 | D:9      | Found a stormy altar of Qazlal.
 14965 | Lair:1   | Entered Level 1 of the Lair of Beasts
 14980 | Lair:1   | Reached skill level 1 in Evocations
 15225 | Lair:1   | Identified the +0 leather armour of Ewicweuso {MP+9 Int+2}
 15238 | Lair:1   | Noticed a cane toad
 15259 | Lair:1   | Learned a level 2 spell: Poisonous Vapours
 15575 | Lair:2   | Noticed Cycufuin's ghost (journeyman GrFE)
 15577 | Lair:2   | Found a runed translucent door.
 15583 | Lair:2   | Gained mutation: You have a pair of antennae on your head.
                  | [demonic ancestry]
 15583 | Lair:2   | Reached XP level 11. HP: 16/84 MP: 12/23
 15640 | Lair:2   | Noticed a seven-headed hydra
 15644 | Lair:2   | Noticed a four-headed hydra
 16272 | Lair:2   | Reached skill level 5 in Long Blades
 17839 | Lair:1   | Slain by a four-headed hydra

Illustrated notes

Levels and vault maps discovered:
D:1:      amcnicky_arrival_wind_blow, layout_rooms
D:2:      layout_rooms, nicolae_overflow_crystal_walls, uniq_crazy_yiuf_cottage
D:3:      layout_basic, eino_curves_02, grunt_ministairs_14,
          nicolae_dithmenos_shadow_blocks
D:4:      minmay_evil_eye, layout_basic, ebering_ghost_reflecting_pool
D:5:      layout_gridville, uniq_eustachio, uniq_grinder
D:6:      layout_basic, grunt_ashenzari_visionary
          [grunt_ashenzari_visionary_shoals, grunt_ashenzari_visionary_spider]
D:7:      layout_cave_pods, minmay_temple_entry_arrows, enter_bailey_8,
          uniq_duvessa
D:8:      kennysheep_windowed_halls, layout_basic
D:9:      layout_roguey, minmay_overflow_temple_hex, lair_entry_dummy,
          serial_shops, shop_fountains, hangedman_abyss_or_decor_clamps,
          uniq_gastronok
D:10:     layout_roguey, orc_0_dummy, grunt_ministairs_9
D:11:     layout_loops_cross, serial_shops, nicolae_shop_trees,
          chequers_decorated_corner, kennysheep_nondescript
Temple:   eino_wide_crystal_templ
Lair:1:   layout_regular_city
Lair:2:   layout_cave_pods, hellmonk_ghost_happy_afterlife, minmay_holes

Skill      XL: |  1  2  3  4  5  6  7  8  9 10 11 |
---------------+----------------------------------+-----
Poison Magic   | 4 5 6 7 8 9 |  9.8
Spellcasting   | 3 4 5 6 7 8 |  8.5
Fighting       | 2 4 5 7 |  7.4
Long Blades    | 1 3 4 5 |  5.3
Dodging        | 2 4 5 6 7 |  7.1
Evocations     | 1 |  1.2
Axes           | |  0.6
Stealth        | |  1.7
Transmutations | |  0.8

Action                   |  1- 3 |  4- 6 |  7- 9 | 10-12 || total
-------------------------+-------+-------+-------+-------++-------
Melee: Unarmed           |     5 |       |       |       ||     5
       Club              |     8 |       |       |       ||     8
       Falchion          |       |     7 |    43 |       ||    50
       Scimitar          |       |       |    49 |   138 ||   187
       War axe           |       |       |    31 |       ||    31
       Flail             |       |       |       |     2 ||     2
 Cast: Sting             |    54 |    82 |   160 |    30 ||   326
       Olgreb's Toxic Ra |       |       |    17 |    26 ||    43
       Poisonous Vapours |       |       |       |     2 ||     2
  Use: Scroll            |       |     7 |     8 |     5 ||    20
       Potion            |       |       |     4 |     1 ||     5
 Stab: Distracted        |       |       |     1 |     1 ||     2
       Sleeping          |       |       |     1 |     1 ||     2
Armor: Robe              |    18 |    17 |    47 |    15 ||    97
       Leather armour    |       |       |       |    16 ||    16
Dodge: Dodged            |    38 |    42 |   169 |   169 ||   418
       Rpst.: Falchion   |     1 |     9 |    24 |       ||    34
       Scimitar          |       |       |     9 |    54 ||    63

Table legend: (Time is in decaauts)
 A = Elapsed time spent in this place.
 B = Non-inter-level travel time spent in this place.
 C = Inter-level travel time spent in this place.
 D = Time resting spent in this place.
 E = Time spent auto-exploring this place.
 F = Levels seen in this place.
 G = Mean time per level.
                   A        B        C        D        E       F      G
               +--------+--------+--------+--------+--------+-----+--------+
         Total |  17926 |  17556 |    370 |   6896 |   6123 |  15 | 1195.1 |
       Dungeon |  13951 |  13607 |    344 |   4756 |   5501 |  11 | 1268.3 |
        Temple |     63 |     63 |      0 |      0 |     42 |   1 |   63.0 |
          Lair |   2892 |   2866 |     26 |   1615 |    553 |   2 | 1446.0 |
        Bailey |   1019 |   1019 |      0 |    525 |     27 |   1 | 1019.0 |
               +--------+--------+--------+--------+--------+-----+--------+

Top non-repeatable levels by time:
     D:8: 2355 daAuts
     D:5: 1887 daAuts
     D:6: 1633 daAuts
     D:9: 1535 daAuts
  Lair:2: 1458 daAuts
     D:4: 1442 daAuts
  Lair:1: 1433 daAuts
     D:3: 1431 daAuts
     D:7: 1175 daAuts
  Bailey: 1019 daAuts
     D:2: 920 daAuts
     D:1: 888 daAuts
    D:10: 671 daAuts
  Temple: 63 daAuts
    D:11: 9 daAuts
